[Event "GER-ch Youth U10w 2019"]
[Site "Willingen"]
[Date "2019.06.14"]
[Round "9.2"]
[White "Wartenberg, Alissa"]
[Black "Proettel, Ela"]
[Result "1-0"]
[ECO "B01"]
[WhiteElo "1291"]
[BlackElo "1333"]
[Annotator "NA"]
[PlyCount "87"]
[EventDate "2019.06.07"]
[EventType "swiss"]
[EventRounds "11"]
[EventCountry "GER"]
[SourceTitle "playchess.com"]
[Source "ChessBase"]
[SourceQuality "1"]
[TimeControl "40/4500+30:900+30"]

1. e4 d5 2. exd5 Qxd5 3. Nc3 Qd6 4. d4 Nf6 5. Nf3 a6 6. Be3 Bg4 7. Be2 e6 8. O-O Be7 9. h3 Bh5 10. Qd2 O-O 11. Bf4 Qd7 12. Ne5 Qd8 13. Qd1 Bxe2 14. Nxe2 Nd5 15. Bh2 Bd6 16. c4 Bxe5 17. Bxe5 Nb6 18. b3 Nc6 19. Bf4 Qd7 20. Qd2 Rad8 21. Rad1 Rfe8 22. Qe3 h6 23. Qg3 Rc8 24. Bxh6 f6 25. Nf4 Re7 26. Nh5 Kh8 27. Be3 g5 28. Nxf6 Qd8 29. Qxg5 Qd7 30. Nxd7 Nxd7 31. d5 Rg8 32. Qh4+ Rh7 33. Qe4 Nf6 34. Qxe6 Ne8 35. dxc6 bxc6 36. Rd8 Rhg7 37. Bd4 Kh7 38. Bxg7 Rxg7 39. Rxe8 c5 40. Rd1 c6 41. Rd7 a5 42. Rh8+ Kxh8 43. Qh6+ Kg8 44. Qxg7# {normal} 1-0

[Event "GER-ch Youth U10w 2019"]
[Site "Willingen"]
[Date "2019.06.14"]
[Round "9.3"]
[White "Glotz, Diana"]
[Black "Bangiev, Katharina"]
[Result "1-0"]
[ECO "A10"]
[WhiteElo "1244"]
[BlackElo "1003"]
[Annotator "NA"]
[PlyCount "53"]
[EventDate "2019.06.07"]
[EventType "swiss"]
[EventRounds "11"]
[EventCountry "GER"]
[SourceTitle "playchess.com"]
[Source "ChessBase"]
[SourceQuality "1"]
[TimeControl "40/4500+30:900+30"]

1. c4 g6 2. Nc3 Bg7 3. g3 Nf6 4. Bg2 O-O 5. e3 d6 6. d4 Nc6 7. Rb1 e5 8. Nge2 Re8 9. O-O Bd7 10. b4 a6 11. a4 Qc8 12. Re1 Bh3 13. Bh1 Nh5 14. Nd5 Be6 15. Qd3 exd4 16. exd4 Bf5 17. Qb3 Bxb1 18. Qxb1 Nxd4 19. Qa2 Nxe2+ 20. Rxe2 Rxe2 21. Qxe2 Nf6 22. Ne7+ Kf8 23. Nxc8 Rxc8 24. Bxb7 Rb8 25. Bxa6 Rxb4 26. Qc2 Nd7 27. Bb5 {[%emt 0:03:29] normal} 1-0

[Event "GER-ch Youth U10w 2019"]
[Site "Willingen"]
[Date "2019.06.14"]
[Round "9.4"]
[White "Ezold, Johanna Sophie"]
[Black "Haug, Mara"]
[Result "1-0"]
[ECO "B07"]
[WhiteElo "1076"]
[BlackElo "1097"]
[Annotator "NA"]
[PlyCount "61"]
[EventDate "2019.06.07"]
[EventType "swiss"]
[EventRounds "11"]
[EventCountry "GER"]
[SourceTitle "playchess.com"]
[Source "ChessBase"]
[SourceQuality "1"]
[TimeControl "40/4500+30:900+30"]

1. e4 d6 2. d4 Nf6 3. Nc3 g6 4. Bc4 Bg7 5. Nf3 Nxe4 6. Ng5 Nxg5 7. Bxg5 O-O 8. Qe2 Re8 9. O-O h6 10. Bh4 Qd7 11. Rad1 Qg4 12. Qxg4 Bxg4 13. Rde1 g5 14. Bg3 Bxd4 15. Nd5 Be6 16. Rxe6 fxe6 17. Nxc7 Rd8 18. Nxa8 d5 19. Bb3 Na6 20. Nc7 Bxb2 21. Nxe6 Rd7 22. Ba4 b5 23. Bxb5 Rb7 24. Bxa6 Rb6 25. Bc8 Rb8 26. Bd7 Rb7 27. Nc5 Rb4 28. Nd3 Rb7 29. Be6+ Kf8 30. Nxb2 Rxb2 31. Bxd5 {[%emt 0:00:10] normal} 1-0

[Event "GER-ch Youth U10w 2019"]
[Site "Willingen"]
[Date "2019.06.14"]
[Round "9.5"]
[White "Oellrich, Emma"]
[Black "Heutling, Sarah"]
[Result "0-1"]
[ECO "C54"]
[WhiteElo "1484"]
[BlackElo "1147"]
[Annotator "NA"]
[PlyCount "120"]
[EventDate "2019.06.07"]
[EventType "swiss"]
[EventRounds "11"]
[EventCountry "GER"]
[SourceTitle "playchess.com"]
[Source "ChessBase"]
[SourceQuality "1"]
[TimeControl "40/4500+30:900+30"]

1. e4 e5 2. Nf3 Nc6 3. Bc4 Bc5 4. c3 Nf6 5. d4 exd4 6. e5 d5 7. Bb5 Ne4 8. cxd4 Bb6 9. Nc3 O-O 10. Be3 Bg4 11. h3 Bh5 12. Qc2 Bg6 13. Qb3 Nxc3 14. bxc3 f6 15. Bxc6 bxc6 16. O-O fxe5 17. Nxe5 Qd6 18. Qa4 c5 19. Nxg6 hxg6 20. Rac1 c6 21. Qa3 Bc7 22. g3 Rf3 23. Bf4 Rxf4 24. gxf4 Qxf4 25. Rfe1 Qh2+ 26. Kf1 Qxh3+ 27. Ke2 Re8+ 28. Kd2 Bf4+ 29. Kc2 Qf5+ 30. Kb3 Rb8+ 31. Ka4 Bxc1 32. Rxc1 Qc8 33. Qxc5 Qa6+ 34. Qa5 Qc4+ 35. Ka3 Rb6 36. Qxa7 Ra6+ 37. Qxa6 Qxa6+ 38. Kb2 Qc4 39. Ra1 c5 40. dxc5 Qxc5 41. a4 Qxf2+ 42. Kb3 Qb6+ 43. Kc2 d4 44. a5 Qa6 45. cxd4 Qc4+ 46. Kb2 Qxd4+ 47. Kb1 g5 48. a6 Qa7 49. Kb2 g4 50. Ra3 g3 51. Rxg3 Qxa6 52. Rc3 Qf6 53. Kc2 g5 54. Kd2 g4 55. Re3 Qf2+ 56. Re2 Qf4+ 57. Ke1 Qf3 58. Rf2 Qh3 59. Ke2 g3 60. Rf1 Qh2+ {[%emt 0:00:00] normal} 0-1

[Event "GER-ch Youth U10w 2019"]
[Site "Willingen"]
[Date "2019.06.14"]
[Round "9.6"]
[White "Jannicke, Svea"]
[Black "Krasikova, Milana"]
[Result "1-0"]
[ECO "A05"]
[WhiteElo "1062"]
[BlackElo "1023"]
[Annotator "NA"]
[PlyCount "85"]
[EventDate "2019.06.07"]
[EventType "swiss"]
[EventRounds "11"]
[EventCountry "GER"]
[SourceTitle "playchess.com"]
[Source "ChessBase"]
[SourceQuality "1"]
[TimeControl "40/4500+30:900+30"]

1. Nf3 Nf6 2. d4 d5 3. c3 e6 4. Bf4 c5 5. e3 Nc6 6. Bd3 b6 7. Nbd2 Bb7 8. Ne5 Be7 9. Ndf3 h6 10. O-O Bd6 11. Qe2 c4 12. Bc2 b5 13. a3 a5 14. Nxc6 Bxc6 15. Ne5 Bb7 16. a4 b4 17. Rfe1 b3 18. Bd1 g5 19. Bg3 h5 20. h3 h4 21. Bh2 Qe7 22. Ng4 Bxh2+ 23. Nxh2 O-O-O 24. Ng4 Nxg4 25. Qxg4 Rdg8 26. Qe2 Qd6 27. Qd2 f5 28. f3 Qg3 29. Qf2 Qxf2+ 30. Kxf2 Kd7 31. f4 g4 32. hxg4 fxg4 33. Rc1 Ke7 34. Rh1 Kf6 35. Be2 Kf5 36. g3 h3 37. Rh2 Bc6 38. Rch1 Bxa4 39. Ra1 Bc6 40. Rxa5 Ra8 41. Rxa8 Rxa8 42. Rh1 {[%emt 0:00:46] normal} Ke4 43. Bxg4 {[%emt 0:00:39] normal} 1-0

[Event "GER-ch Youth U10w 2019"]
[Site "Willingen"]
[Date "2019.06.14"]
[Round "10.1"]
[White "Trunz, Tamila"]
[Black "Wartenberg, Alissa"]
[Result "0-1"]
[ECO "C55"]
[WhiteElo "1273"]
[BlackElo "1291"]
[Annotator "NA"]
[PlyCount "102"]
[EventDate "2019.06.07"]
[EventType "swiss"]
[EventRounds "11"]
[EventCountry "GER"]
[SourceTitle "playchess.com"]
[Source "ChessBase"]
[SourceQuality "1"]
[TimeControl "40/4500+30:900+30"]

1. e4 e5 2. Nf3 Nc6 3. d4 exd4 4. Bc4 Nf6 5. e5 d5 6. Bb5 Ne4 7. Nxd4 Bd7 8. Bxc6 bxc6 9. O-O Bc5 10. Be3 Bb6 11. f3 Ng5 12. f4 Ne4 13. Nd2 Nxd2 14. Qxd2 O-O 15. Ne2 f6 16. Ng3 Bc8 17. Rae1 Ba6 18. Rf3 c5 19. Kh1 Bb7 20. Rff1 Qe7 21. exf6 Qxf6 22. c3 d4 23. cxd4 cxd4 24. Bg1 Rad8 25. f5 c5 26. Re6 Qf7 27. Qg5 Rd7 28. Rfe1 Bd8 29. Qg4 Re7 30. Nh5 Rc7 31. Rf1 Bc8 32. Re5 Re7 33. Rxc5 Bb6 34. Rcc1 Rd8 35. Rcd1 Qg6 36. Qxg6 hxg6 37. fxg6 Bg4 38. Rf7 Bxd1 39. Rxe7 Bxh5 40. Re6 d3 41. Bxb6 axb6 42. Re1 d2 43. Rf1 d1=Q 44. Rg1 Qe2 45. b4 Rd1 46. h3 Rxg1+ 47. Kxg1 Qe1+ 48. Kh2 Bxg6 49. b5 Be4 50. a4 Qf2 {[%emt 0:00:07] normal} 51. a5 Qxg2# {normal} 0-1

[Event "GER-ch Youth U10w 2019"]
[Site "Willingen"]
[Date "2019.06.14"]
[Round "10.2"]
[White "Heutling, Sarah"]
[Black "Mirnaya, Veronika"]
[Result "0-1"]
[ECO "C59"]
[WhiteElo "1147"]
[BlackElo "1237"]
[Annotator "NA"]
[PlyCount "108"]
[EventDate "2019.06.07"]
[EventType "swiss"]
[EventRounds "11"]
[EventCountry "GER"]
[SourceTitle "playchess.com"]
[Source "ChessBase"]
[SourceQuality "1"]
[TimeControl "40/4500+30:900+30"]

1. e4 e5 2. Nf3 Nc6 3. Bc4 Nf6 4. Ng5 d5 5. exd5 Na5 6. Bb5+ c6 7. dxc6 bxc6 8. Be2 h6 9. Nf3 e4 10. Ne5 Bc5 11. c3 Bd6 12. Nc4 Nxc4 13. Bxc4 O-O 14. O-O Qc7 15. h3 Bf5 16. d4 exd3 17. Bxd3 Rad8 18. f4 Bxd3 19. Re1 Bxb1 20. Qb3 Bg6 21. Rf1 Qb6+ 22. Qxb6 axb6 23. Be3 b5 24. Rad1 Rfe8 25. Bf2 Bxf4 26. g3 Rxd1 27. Rxd1 Bc7 28. b4 Re2 29. a3 Ra2 30. Re1 Rxa3 31. Bd4 Bxg3 32. Re3 Bf4 33. Re7 Nd5 34. Re8+ Kh7 35. Rc8 Nxc3 36. Rxc6 Nd5 37. Rc5 Nxb4 38. Rxb5 Nd3 39. Rb1 Ra2 40. Rd1 Be4 41. Kf1 Bg2+ 42. Kg1 Bh2+ 43. Kxh2 Bf3+ 44. Kg3 Bxd1 45. h4 Ra4 46. Be3 Rg4+ 47. Kh3 Nf4+ 48. Kh2 Rxh4+ 49. Kg3 Rg4+ 50. Kf2 Nd3+ 51. Kf1 Bf3 52. Bf2 Nxf2 53. Kxf2 Bd5 54. Ke3 h5 {[%emt 0:00:12] normal} 0-1

[Event "GER-ch Youth U10w 2019"]
[Site "Willingen"]
[Date "2019.06.14"]
[Round "10.3"]
[White "Glotz, Diana"]
[Black "Ezold, Johanna Sophie"]
[Result "0-1"]
[ECO "A22"]
[WhiteElo "1244"]
[BlackElo "1076"]
[Annotator "NA"]
[PlyCount "87"]
[EventDate "2019.06.07"]
[EventType "swiss"]
[EventRounds "11"]
[EventCountry "GER"]
[SourceTitle "playchess.com"]
[Source "ChessBase"]
[SourceQuality "1"]
[TimeControl "40/4500+30:900+30"]

1. c4 e5 2. Nc3 Nf6 3. g3 Bb4 4. Bg2 O-O 5. e3 c6 6. d4 exd4 7. Qxd4 Re8 8. Nge2 d6 9. O-O Nbd7 10. a3 Bxc3 11. Nxc3 Ne5 12. b3 Be6 13. e4 Ng6 14. f4 Bd7 15. Qxd6 Re6 16. Qd3 Re8 17. Be3 Qc8 18. f5 Ne5 19. Qc2 Nfg4 20. Bf4 h6 21. h3 Nf6 22. Rfd1 Re7 23. Rd2 Qc7 24. Rad1 Rd8 25. Ne2 Ree8 26. Qc3 a6 27. Nd4 Qb8 28. Nf3 Qa7+ 29. c5 Nxf3+ 30. Bxf3 b6 31. cxb6 Qxb6+ 32. Be3 Qb7 33. e5 Nd5 34. Bxd5 cxd5 35. Rxd5 Rc8 36. Qd3 Bb5 37. Qd2 Bc6 38. Rc5 Be4 39. Rxc8 Qxc8 40. g4 Ba8 41. Bf4 Qc5+ 42. Qe3 Qxa3 43. Qb6 Qb2 44. Bd2 {[%emt 0:00:00] normal} 0-1

[Event "GER-ch Youth U10w 2019"]
[Site "Willingen"]
[Date "2019.06.14"]
[Round "10.5"]
[White "Proettel, Ela"]
[Black "Haug, Mara"]
[Result "0-1"]
[ECO "A45"]
[WhiteElo "1333"]
[BlackElo "1097"]
[Annotator "NA"]
[PlyCount "96"]
[EventDate "2019.06.07"]
[EventType "swiss"]
[EventRounds "11"]
[EventCountry "GER"]
[SourceTitle "playchess.com"]
[Source "ChessBase"]
[SourceQuality "1"]
[TimeControl "40/4500+30:900+30"]

1. d4 Nf6 2. Bf4 g6 3. Nc3 Bg7 4. e4 d6 5. Qd2 h6 6. Nf3 Nbd7 7. Be2 b6 8. O-O Bb7 9. Bd3 Nh5 10. Be3 c6 11. Rfe1 Qc7 12. a3 e6 13. Bf1 O-O-O 14. b4 f5 15. Qe2 f4 16. Bd2 e5 17. d5 Nhf6 18. Qc4 b5 19. Qb3 Nb6 20. dxc6 Qxc6 21. Bxb5 Qc7 22. a4 Nbd7 23. Qc4 Qxc4 24. Bxc4 Kb8 25. a5 Rc8 26. Bb3 a6 27. Ra2 Rhd8 28. Rb1 Bc6 29. Ba4 Kb7 30. Bxc6+ Rxc6 31. Kf1 Rdc8 32. Ra3 Rc4 33. Ke2 Nxe4 34. Nxe4 Rxe4+ 35. Kd3 Rec4 36. Ke2 Rxc2 37. Kd1 e4 38. Ne1 R2c7 39. Rab3 Ka7 40. Bxf4 Rc6 41. Be3+ Ka8 42. Rc1 Rxc1+ 43. Bxc1 d5 44. Nc2 d4 45. f3 e3 46. Ne1 Be5 47. h3 Rc4 48. Nd3 Kb7 {[%emt 0:00:00] normal} 0-1

[Event "GER-ch Youth U10w 2019"]
[Site "Willingen"]
[Date "2019.06.14"]
[Round "10.6"]
[White "Bakó, Evelin"]
[Black "Bako, Isabella"]
[Result "1/2-1/2"]
[ECO "A35"]
[WhiteElo "1152"]
[BlackElo "1215"]
[Annotator "NA"]
[PlyCount "63"]
[EventDate "2019.06.07"]
[EventType "swiss"]
[EventRounds "11"]
[EventCountry "GER"]
[SourceTitle "playchess.com"]
[Source "ChessBase"]
[SourceQuality "1"]
[TimeControl "40/4500+30:900+30"]

1. c4 c5 2. Nc3 Nf6 3. Nf3 Nc6 4. e3 e6 5. d4 cxd4 6. Nxd4 Nxd4 7. exd4 d5 8. cxd5 Nxd5 9. Nxd5 exd5 10. Bb5+ Bd7 11. Bxd7+ Qxd7 12. O-O Be7 13. Bf4 O-O 14. h3 Bd6 15. Bxd6 Qxd6 16. a3 Qd7 17. b4 Rfe8 18. Re1 Rxe1+ 19. Qxe1 Rc8 20. a4 h6 21. b5 a6 22. bxa6 bxa6 23. a5 Kf8 24. Rc1 Rxc1 25. Qxc1 Kg8 26. Qe1 Kf8 27. f4 f5 28. Qe5 Kf7 29. Kh2 Qe6 30. Qxe6+ Kxe6 31. Kg3 Kf6 32. h4 {[%emt 0:00:08] normal} 1/2-1/2

[Event "GER-ch Youth U10w 2019"]
[Site "Willingen"]
[Date "2019.06.15"]
[Round "11.1"]
[White "Ezold, Johanna Sophie"]
[Black "Wartenberg, Alissa"]
[Result "0-1"]
[ECO "C50"]
[WhiteElo "1076"]
[BlackElo "1291"]
[Annotator "NA"]
[PlyCount "46"]
[EventDate "2019.06.07"]
[EventType "swiss"]
[EventRounds "11"]
[EventCountry "GER"]
[SourceTitle "playchess.com"]
[Source "ChessBase"]
[SourceQuality "1"]
[TimeControl "40/4500+30:900+30"]

1. e4 e5 2. Nf3 Nc6 3. Bc4 Nf6 4. d3 Bc5 5. O-O O-O 6. c3 d6 7. Re1 a6 8. b4 Ba7 9. Na3 Re8 10. Qb3 Be6 11. Bxe6 fxe6 12. Bd2 d5 13. exd5 exd5 14. Bg5 Rf8 15. Nxe5 Nxe5 16. Rxe5 c6 17. Rae1 Qc7 18. Bf4 Ng4 19. Rf5 Qd7 20. Rxf8+ Rxf8 21. Bg3 Bxf2+ 22. Bxf2 Rxf2 23. h3 Qd6 {[%emt 0:01:37] normal} 0-1

[Event "GER-ch Youth U10w 2019"]
[Site "Willingen"]
[Date "2019.06.15"]
[Round "11.2"]
[White "Mirnaya, Veronika"]
[Black "Halas, Neele Zoe"]
[Result "1-0"]
[ECO "D05"]
[WhiteElo "1237"]
[BlackElo "1109"]
[Annotator "NA"]
[PlyCount "73"]
[EventDate "2019.06.07"]
[EventType "swiss"]
[EventRounds "11"]
[EventCountry "GER"]
[SourceTitle "playchess.com"]
[Source "ChessBase"]
[SourceQuality "1"]
[TimeControl "40/4500+30:900+30"]

1. d4 d5 2. Nf3 Nf6 3. e3 e6 4. c3 Be7 5. Bd3 O-O 6. O-O Nbd7 7. Nbd2 c6 8. Re1 Re8 9. e4 Nf8 10. e5 Nh5 11. Nf1 g6 12. Bh6 Ng7 13. Ng3 Bh4 14. Ne2 Nf5 15. Bxf8 Rxf8 16. Nxh4 Nxh4 17. Qd2 Kg7 18. Nf4 Nf5 19. g3 Bd7 20. h4 h5 21. Nh3 Rc8 22. Bxf5 exf5 23. Ng5 Be6 24. Qd3 Qd7 25. b3 f6 26. Nxe6+ Qxe6 27. exf6+ Qxf6 28. Re5 Rfe8 29. Rae1 Rxe5 30. dxe5 Qe6 31. Qd4 a6 32. Qb6 Qe7 33. Qd4 Qe6 34. Qc5 Re8 35. Kf1 Qe7 36. Qxe7+ Rxe7 37. f4 {[%emt 0:00:20] normal} 1-0

[Event "GER-ch Youth U10w 2019"]
[Site "Willingen"]
[Date "2019.06.15"]
[Round "11.3"]
[White "Haug, Mara"]
[Black "Trunz, Tamila"]
[Result "0-1"]
[ECO "C53"]
[WhiteElo "1097"]
[BlackElo "1273"]
[Annotator "NA"]
[PlyCount "50"]
[EventDate "2019.06.07"]
[EventType "swiss"]
[EventRounds "11"]
[EventCountry "GER"]
[SourceTitle "playchess.com"]
[Source "ChessBase"]
[SourceQuality "1"]
[TimeControl "40/4500+30:900+30"]

1. e4 e5 2. Nf3 Nc6 3. Bc4 Bc5 4. c3 d6 5. d4 exd4 6. cxd4 Bb4+ 7. Nc3 Bg4 8. Qd3 Nf6 9. d5 Bxf3 10. Qxf3 Ne5 11. Qe2 Qe7 12. Bb3 Ng6 13. Bc2 O-O 14. O-O Bxc3 15. bxc3 Nxd5 16. c4 Nf6 17. f4 Rfe8 18. f5 Ne5 19. Bb2 Rad8 20. Rab1 b6 21. Ba4 Ned7 22. Bxf6 Qxf6 23. Kh1 Qd4 24. Rf4 Re7 25. Qg4 Nf6 {[%emt 0:06:17] normal} 0-1

[Event "GER-ch Youth U10w 2019"]
[Site "Willingen"]
[Date "2019.06.15"]
[Round "11.4"]
[White "Jannicke, Svea"]
[Black "Glotz, Diana"]
[Result "0-1"]
[ECO "A04"]
[WhiteElo "1062"]
[BlackElo "1244"]
[Annotator "NA"]
[PlyCount "81"]
[EventDate "2019.06.07"]
[EventType "swiss"]
[EventRounds "11"]
[EventCountry "GER"]
[SourceTitle "playchess.com"]
[Source "ChessBase"]
[SourceQuality "1"]
[TimeControl "40/4500+30:900+30"]

1. Nf3 d6 2. c4 e5 3. d3 Nf6 4. Nc3 Bg4 5. g3 Nc6 6. Bg2 Be7 7. b3 O-O 8. O-O Qd7 9. Bb2 Bh3 10. Qd2 Bxg2 11. Kxg2 Ne8 12. Nd5 f5 13. Nxe7+ Qxe7 14. e4 fxe4 15. dxe4 Qf6 16. Nh4 Nd4 17. Bxd4 exd4 18. Rad1 c5 19. a3 Qe5 20. f3 Rc8 21. Qd3 Nf6 22. g4 h5 23. h3 Rfe8 24. Rde1 Qg5 25. Kg3 hxg4 26. hxg4 Qe5+ 27. f4 Qe6 28. Kf3 Qxg4+ 29. Kf2 Qxh4+ 30. Ke2 Qg4+ 31. Kd2 Qe6 32. e5 Nd7 33. f5 Qh6+ 34. Kd1 dxe5 35. Rh1 Qc6 36. Reg1 e4 37. Qg3 Re7 38. Qh4 Nf6 39. Qg5 e3 {[%emt 0:02:44] normal} 40. Rh6 Qf3+ 41. Kc1 {[%emt 0:15:37] normal} 0-1

[Event "GER-ch Youth U10w 2019"]
[Site "Willingen"]
[Date "2019.06.15"]
[Round "11.5"]
[White "Oellrich, Emma"]
[Black "Bauer, Laura Sophie"]
[Result "1-0"]
[ECO "B43"]
[WhiteElo "1484"]
[BlackElo "1356"]
[Annotator "NA"]
[PlyCount "64"]
[EventDate "2019.06.07"]
[EventType "swiss"]
[EventRounds "11"]
[EventCountry "GER"]
[SourceTitle "playchess.com"]
[Source "ChessBase"]
[SourceQuality "1"]
[TimeControl "40/4500+30:900+30"]

1. e4 c5 2. Nf3 a6 3. Nc3 e6 4. d4 cxd4 5. Nxd4 Bb4 6. g3 Nf6 7. Bg2 O-O 8. O-O Bxc3 9. bxc3 b5 10. e5 Nd5 11. Ne2 Bb7 12. Ba3 Re8 13. Rb1 Qc7 14. Bd6 Qc8 15. a4 Bc6 16. axb5 axb5 17. Qd2 h6 18. Nd4 Qb7 19. c4 Nc7 20. Bxc6 dxc6 21. cxb5 Nxb5 22. Nxb5 cxb5 23. c4 Qf3 24. cxb5 Rd8 25. Qb2 g5 26. Qb3 Qg4 27. Be7 Rd4 28. Bf6 h5 29. Qe3 Re4 30. Qb6 Nd7 31. Qb7 Rf8 32. Be7 h4 {[%emt 0:01:22] normal} 1-0

[Event "GER-ch Youth U10w 2019"]
[Site "Willingen"]
[Date "2019.06.15"]
[Round "11.6"]
[White "Heutling, Sarah"]
[Black "Bakó, Evelin"]
[Result "1-0"]
[ECO "B48"]
[WhiteElo "1147"]
[BlackElo "1152"]
[Annotator "NA"]
[PlyCount "60"]
[EventDate "2019.06.07"]
[EventType "swiss"]
[EventRounds "11"]
[EventCountry "GER"]
[SourceTitle "playchess.com"]
[Source "ChessBase"]
[SourceQuality "1"]
[TimeControl "40/4500+30:900+30"]

1. e4 c5 2. Nf3 e6 3. d4 cxd4 4. Nxd4 Nc6 5. Nc3 Qc7 6. Be3 Nf6 7. Bd3 a6 8. O-O b5 9. a3 Bb7 10. Qd2 Bd6 11. h3 O-O 12. Kh1 b4 13. axb4 Bxb4 14. f4 Nxd4 15. Bxd4 Nxe4 16. Qe3 Nxc3 17. bxc3 Bd6 18. Qg3 f6 19. Qh4 h6 20. Qh5 f5 21. Qg6 e5 22. fxe5 Bxe5 23. Bxf5 Bxd4 24. Qh7+ Kf7 25. Bg6+ Ke6 26. cxd4 Qc6 27. Rae1+ Kd6 28. Rg1 Rf2 29. Be4 Qb6 30. Qxg7 Kc7 {[%emt 0:04:57] normal} 1-0

[Event "GER-ch Youth U10w 2019"]
[Site "Willingen"]
[Date "2019.06.15"]
[Round "11.6"]
[White "Heutling, Sarah"]
[Black "Bako, Evelin"]
[Result "1-0"]
[ECO "B48"]
[WhiteElo "1147"]
[BlackElo "1152"]
[Annotator "NA"]
[PlyCount "77"]
[EventDate "2019.06.07"]
[EventType "swiss"]
[EventRounds "11"]
[EventCountry "GER"]
[SourceTitle "playchess.com"]
[Source "ChessBase"]
[SourceQuality "1"]
[TimeControl "40/4500+30:900+30"]

1. e4 c5 2. Nf3 e6 3. d4 cxd4 4. Nxd4 Nc6 5. Nc3 Qc7 6. Be3 Nf6 7. Bd3 a6 8. O-O b5 9. a3 Bb7 10. Qd2 Bd6 11. h3 O-O 12. Kh1 b4 13. axb4 Bxb4 14. f4 Nxd4 15. Bxd4 Nxe4 16. Qe3 Nxc3 17. bxc3 Bd6 18. Qg3 f6 19. Qh4 h6 20. Qh5 f5 21. Qg6 e5 22. fxe5 Bxe5 23. Bxf5 Bxd4 24. Qh7+ Kf7 25. Bg6+ Ke6 26. cxd4 Qc6 27. Rae1+ Kd6 28. Rg1 Rf2 29. Be4 Qb6 30. Qxg7 Kc7 31. Qg3+ d6 32. Qxf2 Bxe4 33. Rxe4 Qc6 34. Re7+ Kb6 35. d5+ Qc5 36. Rb1+ Ka5 37. Qxc5+ dxc5 38. c4 h5 39. Re2 {[%emt 0:00:06] normal} 1-0